 Dungeon Crawl Stone Soup version 0.31-a0-538-gbc85326fa9 (webtiles) character file.

Game seed: 12689177568187256115

305 pokeman the Magician (level 6, -1/33 (34) HPs)
             Began as a Deep Elf Hedge Wizard on Aug 13, 2023.
             Slain by a hobgoblin (3 damage)
             ... on level 3 of the Dungeon.
             The game lasted 00:07:07 (3651 turns).

pokeman the Magician (Deep Elf Hedge Wizard)        Turns: 3651, Time: 00:07:08

HP:   -1/33 (34)    AC:  2    Str:  7    XL:     6   Next: 16%
MP:   3/17          EV: 13    Int: 21    God:
Gold: 224           SH:  0    Dex: 14    Spells: 10/18 levels left

rFire   . . .        t - +1 mace (drain)
rCold   . . .        (no shield)
rNeg    . . .        b - +0 robe
rPois   .            c - +0 hat
rElec   .            (no cloak)
rCorr   .            (no gloves)
SInv    .            (no boots)
Will    .....        (no amulet)
Stlth   ++           (no ring)
HPRegen 0.25/turn    (no ring)
MPRegen 0.15/turn

%: no passive effects
@: lightly drained
A: no striking features
a: no special abilities


You were on level 3 of the Dungeon.
You visited 1 branch of the dungeon, and saw 3 of its levels.
You also visited: Sewer.

You collected 224 gold pieces.

Inventory:

Hand Weapons
 t - a +1 mace of draining (weapon)
Armour
 b - a +0 robe (worn)
 c - a +0 hat (worn)
Wands
 l - a wand of roots (8)
Scrolls
 e - 2 scrolls of teleportation {unknown}
 i - 2 scrolls of fog {unknown}
 j - a scroll of enchant weapon {unknown}
 k - a scroll of poison {unknown}
 m - 2 scrolls of vulnerability {unknown}
 o - 3 scrolls of identify {unknown}
 q - a scroll of enchant armour {unknown}
 s - 2 scrolls of immolation {unknown}
Potions
 d - a potion of magic
 f - a potion of heal wounds {unknown}
 g - a potion of haste {unknown}
 h - 2 potions of resistance {unknown}
 n - a potion of mutation {unknown}
 p - a potion of lignification {unknown}
 r - a potion of curing {unknown}


   Skills:
 + Level 1.1 Fighting
 - Level 1.0 Armour
 - Level 3.0 Dodging
 - Level 3.0 Stealth
 * Level 6.8 Spellcasting
 + Level 3.1 Conjurations
 - Level 1.1 Summonings
 - Level 1.1 Translocations
 - Level 1.0 Air Magic
 + Level 1.2 Poison Magic
 - Level 1.0 Evocations


You had 10 spell levels left.
You knew the following spells:

 Your Spells              Type           Power      Damage    Failure   Level
a - Magic Dart            Conj           80%        1d7       2%          1
b - Mephitic Cloud        Conj/Pois/Air  14%        N/A       13%         3
c - Call Imp              Summ           22%        N/A       9%          2
d - Blink                 Tloc           22%        N/A       9%          2

Your spell library contained the following spells:

 Spells                   Type           Power      Damage    Failure   Level
 Slow                     Hex            28%        N/A       9%          1
 Cigotuvi's Dreadful Rot  Necr/Pois/Air  20%        N/A       10%         2


Dungeon Overview and Level Annotations

Branches:
Dungeon (3/15)              Sewer (visited)

Altars:

Annotations:
D:3 2 transporters, LeprechaunX's ghost, amateur OpSh


Message History

The jackal misses you.
Casting: Magic Dart (safe; 2% risk of failure)
Confirm with . or Enter, or press ? or * to list all spells.
Aiming: Magic Dart (safe; 2% risk of failure)
Press: ? - help, Shift-Dir - straight line, f/p - hobgoblin
Aim: a hobgoblin (lightly wounded, 100% to hit)
The magic dart hits the hobgoblin.
The hobgoblin is heavily wounded.
The jackal barely misses you. The hobgoblin hits you.
* * * LOW HITPOINT WARNING * * *
Casting: Magic Dart (safe; 2% risk of failure)
Confirm with . or Enter, or press ? or * to list all spells.
Aiming: Magic Dart (safe; 2% risk of failure)
Press: ? - help, Shift-Dir - straight line, f/p - hobgoblin
Aim: a hobgoblin (heavily wounded, 100% to hit)
The magic dart hits the hobgoblin.
The hobgoblin is severely wounded.
The jackal bites you but does no damage.
The hobgoblin barely misses you. The jackal bites you.
* * * LOW HITPOINT WARNING * * *
Casting: Magic Dart (safe; 2% risk of failure)
Confirm with . or Enter, or press ? or * to list all spells.
Aiming: Magic Dart (safe; 2% risk of failure)
Press: ? - help, Shift-Dir - straight line, f/p - hobgoblin
Aim: a hobgoblin (severely wounded, 100% to hit)
The magic dart hits the hobgoblin but does no damage.
The hobgoblin is severely wounded.
The hobgoblin barely misses you. The jackal misses you.
Unknown command.
Casting: Magic Dart (safe; 2% risk of failure)
Confirm with . or Enter, or press ? or * to list all spells.
Aiming: Magic Dart (safe; 2% risk of failure)
Press: ? - help, Shift-Dir - straight line, f/p - hobgoblin
Aim: a hobgoblin (severely wounded, 100% to hit)
The magic dart hits the hobgoblin.
The hobgoblin is almost dead.
The jackal bites you.
* * * LOW HITPOINT WARNING * * *
The hobgoblin hits you.
You die...

## #
#.####. #
.......###
#
#......@.#
# ####
#.#..#h#g#
# ... ...
... .#
##.# #
#>... .#
...# #....
.# ...#
#.... .>
...##
#.... .#
~...#
#.### .#
~...#


You could see a jackal and a hobgoblin.

Vanquished Creatures
  Jessica (D:2)
  2 orc wizards (D:2)
  4 gnolls (D:2)
  9 adders
  A worm (D:2)
  A dart slug (D:1)
  2 orcs (D:2)
  8 ball pythons
  3 endoplasms
  3 giant cockroaches
  6 goblins
  6 hobgoblins
  5 jackals
  2 quokkas
  7 bats
  9 frilled lizards
  11 rats
80 creatures vanquished.

Vanquished Creatures (collateral kills)
  An orc priest (D:2)
  A worm (D:3)
2 creatures vanquished.

Grand Total: 82 creatures vanquished

Notes
Turn   | Place    | Note
-------+----------+-------------------------------------------
     0 | D:1      | pokeman the Deep Elf Hedge Wizard began the quest for the
                  | Orb.
     0 | D:1      | Reached XP level 1. HP: 10/10 MP: 7/7
   748 | D:1      | Reached XP level 2. HP: 16/16 MP: 6/9
  1302 | D:2      | Reached skill level 5 in Spellcasting
  1322 | D:2      | Reached XP level 3. HP: 20/20 MP: 2/11
  1326 | D:2      | Learned a level 3 spell: Mephitic Cloud
  1329 | D:2      | Learned a level 2 spell: Call Imp
  1332 | D:2      | Learned a level 2 spell: Blink
  1607 | D:2      | Reached skill level 1 in Fighting
  1760 | D:2      | You fall into a shaft and drop 1 floor!
  1780 | D:3      | Noticed an ogre
  1782 | D:3      | Found a transporter.
  1782 | D:3      | Noticed LeprechaunX's ghost (amateur OpSh)
  1784 | D:3      | Identified the +3 giant spiked club of Parts Unknown
                  | {heavy, Fly}
  1784 | D:3      | Noticed an ogre
  1791 | D:3      | Found a transporter.
  1844 | D:3      | Reached skill level 1 in Armour
  1893 | D:3      | Found a glowing drain.
  1902 | D:3      | Reached XP level 4. HP: 25/25 MP: 2/13
  2015 | Sewer    | Entered a sewer
  2671 | D:2      | Reached skill level 6 in Spellcasting
  2704 | D:2      | Reached XP level 5. HP: 29/29 MP: 13/15
  2787 | D:2      | Noticed Jessica
  2956 | D:2      | Killed Jessica
  3032 | D:2      | Found a faded altar of an unknown god.
  3274 | D:2      | Reached skill level 1 in Air Magic
  3274 | D:2      | Reached skill level 1 in Evocations
  3297 | D:2      | Reached skill level 1 in Poison Magic
  3297 | D:2      | Reached XP level 6. HP: 15/32 MP: 1/17
  3318 | D:2      | HP: 1/32 [something (4)]
  3651 | D:3      | Slain by a hobgoblin

Illustrated notes

Levels and vault maps discovered:
D:1:      reono_arrival_forest_river, layout_basic, nicolae_hexahallways,
          wander_ebering_terrifying_dragon_lair
D:2:      layout_rooms, shapermc_ecumenical_altar_mp_highgroup, uniq_jessica
D:3:      layout_basic, mainiacjoe_overflow_six_doors_small,
          gammafunk_ghost_smash, portal_sewer_entry_a

Skill      XL: |  1  2  3  4  5 |
---------------+----------------+-----
Spellcasting   | 5 6 |  6.8
Fighting       | 1 |  1.1
Armour         | 1 |  1.0
Conjurations   | 2 3 |  3.1
Stealth        | 3 |  3.0
Dodging        | 3 |  3.0
Air Magic      | 1 |  1.0
Evocations     | 1 |  1.0
Poison Magic   | 1 |  1.2
Summonings     | |  1.1
Translocations | |  1.1

Action                     |  1- 3 |  4- 6 || total
---------------------------+-------+-------++-------
  Melee: Dagger            |    14 |    42 ||    56
         Punch             |       |     1 ||     1
         Mace              |       |     6 ||     6
   Cast: Magic Dart        |    93 |    82 ||   175
         Mephitic Cloud    |     1 |     9 ||    10
         Call Imp          |       |     4 ||     4
   Stab: Sleeping          |     1 |     1 ||     2
         Confused          |     1 |     4 ||     5
 Armour: Robe              |     6 |     6 ||    12
  Dodge: Dodged            |    15 |    37 ||    52

Table legend: (Time is in decaauts)
 A = Elapsed time spent in this place.
 B = Non-inter-level travel time spent in this place.
 C = Inter-level travel time spent in this place.
 D = Time resting spent in this place.
 E = Time spent auto-exploring this place.
 F = Levels seen in this place.
 G = Mean time per level.
                   A        B        C        D        E       F      G
               +--------+--------+--------+--------+--------+-----+--------+
         Total |   3698 |   3545 |    153 |    235 |   2652 |   4 |  924.5 |
       Dungeon |   3064 |   2911 |    153 |    235 |   2128 |   3 | 1021.3 |
         Sewer |    634 |    634 |      0 |      0 |    523 |   1 |  634.0 |
               +--------+--------+--------+--------+--------+-----+--------+

Top non-repeatable levels by time:
     D:1: 1378 daAuts
     D:2: 1360 daAuts
   Sewer: 634 daAuts
     D:3: 325 daAuts
